Map: Acid Plant LE

Players

axu - Winner!

  • Race: Protoss Protoss
  • League: Platinum
  • Spawn Location: 5:00

Max

  • Race: Zerg Zerg
  • League: Platinum
  • Spawn Location: 11:00

VOD

Have the link to the VOD?

Description

Time

  • Played on: April 11, 2018, 2:06 p.m.
  • Length: 11:54
Show
View Real Time Build Order
Export as new Build Order

axu Protoss - Winner!

Build Orders: 1 Gate Expand 

Get SALT Encoding   

  12  0:00  Probe  
  13  0:13  Probe  
  14  0:21  Pylon  
  14  0:25  Probe  
  15  0:39  Probe  
  15  0:40  Gateway  
  16  0:50  Assimilator  
  16  0:51  Probe (Chrono Boost)  
  17  1:02  Probe (Chrono Boost)  
  18  1:07  Probe (Chrono Boost)  
  19  1:16  Pylon  
  19  1:17  Probe  
  20  1:34  Nexus  
  20  1:42  Cybernetics Core  
  20  1:51  Probe  
  21  2:01  Assimilator  
  21  2:04  Probe  
  22  2:11  Gateway  
  22  2:19  Adept  
  24  2:28  Probe  
  25  2:30  Warp Gate  
  25  2:40  Probe  
  26  2:46  Stalker  
  28  2:52  Probe  
  29  3:00  Probe  
  29  3:03  Pylon  
  30  3:09  Adept  
  32  3:16  Adept  
  34  3:27  Twilight Council  
  34  3:31  Gateway  
  34  3:32  Gateway  
  34  4:05  Adept x2  
  38  4:10  Resonating Glaives (Chrono Boost), Probe x2 (Chrono Boost)  
  40  4:18  Pylon  
  40  4:20  Probe x2 (Chrono Boost)  
  40  4:21  Pylon  
  42  4:47  Probe  
  42  4:48  Probe  
  44  4:53  Pylon  
  44  4:55  Adept x4  
  44  4:59  Probe  
  53  5:00  Probe  
  54  5:12  Robotics Facility, Probe x2  
  56  5:16  Adept x4  
  64  5:24  Probe  
  65  5:30  Probe  
  65  5:32  Assimilator  
  66  5:36  Assimilator, Templar Archives, Probe  
  66  5:41  Forge  
  66  5:42  Probe  
  54  6:42  Immortal (Chrono Boost)  
  54  6:46  Protoss Ground Weapons Level 1 (Chrono Boost)  
  56  6:47  Stalker x3  
  56  6:48  Stalker  
  60  6:57  Gateway  
  60  7:00  Gateway, Pylon  
  60  7:03  Gateway, Pylon  
  58  7:09  Gateway  
  58  7:11  Immortal (Chrono Boost)  
  58  7:12  Adept x4  
  66  7:25  Probe x2  
  68  7:33  Stalker x4  
  76  7:37  Probe x2  
  78  7:49  Probe  
  79  8:03  Pylon  
  79  8:06  Pylon  
  79  8:07  Pylon  
  79  8:13  Forge  
  79  8:14  Nexus  
  79  8:16  Pylon  
  79  8:20  Pylon  
  79  8:21  Charge  
  79  8:31  Probe x2  
  79  8:33  Protoss Ground Armor Level 1  
  81  8:40  Gateway  
  81  8:41  Gateway  
  81  8:43  Probe  
  81  8:44  Gateway  
  81  8:45  Probe  
  81  8:46  Shield Battery  
  83  8:49  High Templar x2  
  83  8:55  Psionic Storm, Probe  
  88  8:57  Probe  
  89  9:07  Probe  
  89  9:09  Probe  
  91  9:17  Zealot  
  91  9:19  Probe  
  94  9:25  Immortal  
  98  9:34  Probe x3  
  98  9:35  Pylon  
  98  9:37  Assimilator  
  101  9:38  High Templar x2  
  101  9:39  High Templar x2  
  101  9:42  Archon, Assimilator  
  101  9:43  Archon  
  109  9:46  Probe x2  
  109  9:48  Zealot x4  
  119  10:12  Gateway  
  119  10:15  Probe x2  
  119  10:16  Probe  
  119  10:21  Stalker x4  
  124  10:22  Stalker  
  124  10:27  Probe  
  133  10:35  Pylon  
  133  10:44  Zealot x6  
  133  10:45  Zealot x2  
  149  10:53  Observer  
  150  11:03  High Templar x3  
Show
View Real Time Build Order
Export as new Build Order

Max Zerg 

Build Orders: Pool First 

Get SALT Encoding   

  12  0:02  Drone  
  13  0:09  Drone  
  14  0:16  Overlord  
  14  0:34  Drone  
  14  0:35  Drone  
  16  0:52  Drone x2  
  18  0:58  Spawning Pool  
  18  0:59  Drone, Extractor  
  17  1:08  Drone  
  18  1:32  Hatchery, Drone x2  
  20  1:40  Drone  
  20  1:45  Queen  
  22  1:54  Overlord  
  22  1:59  Extractor  
  22  2:01  Zergling x2  
  22  2:16  Zergling x2  
  23  2:24  Queen  
  23  2:27  Drone  
  26  2:34  Drone  
  27  2:38  Metabolic Boost  
  27  2:43  Drone  
  28  2:45  Zergling x2  
  28  2:59  Drone  
  28  3:00  Drone x4  
  33  3:06  Drone  
  34  3:20  Drone  
  35  3:35  Hatchery  
  35  3:39  Drone  
  35  3:41  Overlord x4  
  35  3:59  Queen  
  35  4:00  Overlord x4  
  35  4:02  Drone  
  38  4:05  Drone  
  39  4:24  Drone x2  
  39  4:25  Drone  
  42  4:40  Drone x3  
  42  4:41  Drone x4  
  47  4:54  Spine Crawler  
  47  4:57  Zergling x2  
  47  4:58  Zergling x6  
  50  5:05  Lair  
  50  5:06  Zergling x4  
  50  5:07  Zergling x10  
  54  5:10  Roach Warren  
  56  5:16  Queen  
  56  5:18  Queen  
  60  5:32  Drone x3  
  60  5:33  Drone x2, Zergling x2  
  60  5:34  Zergling x10  
  71  5:45  Drone  
  71  5:46  Drone x5  
  77  5:52  Evolution Chamber  
  77  5:53  Evolution Chamber  
  74  6:01  Zergling x2  
  74  6:02  Roach x3  
  78  6:11  Roach, Zergling x4  
  77  6:15  Zergling x6  
  59  6:26  Roach x2, Zergling x2  
  59  6:30  Drone x2  
  59  6:31  Drone x2  
  51  6:40  Drone x2  
  51  6:44  Zergling x6  
  50  6:53  Zergling x2  
  46  6:56  Zergling x4  
  46  7:05  Roach, Zergling x4  
  45  7:20  Drone  
  45  7:21  Drone x2  
  48  7:29  Zerg Ground Armor Level 1, Zerg Missile Weapons Level 1  
  48  7:30  Glial Reconstitution  
  48  7:33  Roach x3  
  48  7:36  Drone  
  55  7:45  Drone  
  55  7:46  Drone x2  
  55  7:59  Roach, Zergling x8  
  61  8:06  Zergling x6  
  64  8:16  Roach x3  
  64  8:17  Zergling x2  
  71  8:20  Roach  
  71  8:26  Roach, Zergling x2  
  80  8:27  Roach x2  
  80  8:46  Zergling x6  
  80  8:47  Roach x3, Zergling x2  
  90  8:54  Overlord x3  
  90  8:55  Overlord  
  81  9:10  Roach x2, Zergling x6  
  83  9:25  Roach, Zergling x8  
  83  9:26  Roach x3, Zergling x6  
  98  9:34  Drone x3  
  98  9:35  Drone x2  
  103  9:39  Hydralisk Den  
  102  9:47  Drone x3  
  102  9:50  Extractor  
  102  9:52  Drone x4  
  108  9:53  Drone x3, Extractor  
  110  10:10  Hatchery  
  110  10:12  Hydralisk x2  
  110  10:13  Hydralisk  
  116  10:14  Drone x3  
  116  10:19  Drone x2  
  116  10:20  Drone  
  121  10:22  Drone  
  122  10:41  Overlord x5  
  122  10:43  Extractor  
  121  10:57  Zergling x2  
  121  11:02  Hydralisk, Zergling x4  
  121  11:03  Zergling x2  
  125  11:06  Zergling x6  
  128  11:14  Hydralisk, Zergling x2  
  128  11:15  Zergling x4  
  128  11:16  Zergling x2  
  128  11:17  Zergling x2  
  135  11:24  Hydralisk  
  135  11:25  Roach, Zergling x4  
  99  11:28  Zergling x4  
Tags
 
Add a new tag
Caveats
  • Supply blocks, unpowered buildings, or Contaminate may cause inaccurate times.
  • Supply counts are checked every 10 seconds.